[Event "Titled Tuesday Blitz August 24 2021"]
[White "Moroni, Luca Jr"]
[Black "Terry, Renato"]
[WhiteFideId "865834"]
[BlackFideId "3803457"]
[WhiteElo "2491"]
[BlackElo "2581"]
[Result "1-0"]
[Round "10"]
[TimeControl "180+1"]
[Date "2021.08.24"]
[WhiteClock "0:00:05"]
[BlackClock "0:00:02"]

1. d4 Nf6 2. c4 b6 3. f3 Nc6 4. Nc3 e5 5. d5 Ne7 6. e4 Ng6 7. Be3 Bc5 8. Bxc5 bxc5 9. Qd2 d6 10. O-O-O Bd7 11. Nge2 Rb8 12. h4 h5 13. g3 Qc8 14. Kb1 Qa6 15. Nc1 Ke7 16. f4 Rb6 17. f5 Nf8 18. Bd3 N8h7 19. Rhg1 Rhb8 20. Be2 Rb4 21. b3 Qa3 22. Qb2 Qa5 23. Nd3 R4b7 24. g4 hxg4 25. Bxg4 Qb6 26. Bf3 a5 27. Rxg7 a4 28. Nc1 Qa5 29. Rdg1 Rb4 30. Bh5 Nxh5 31. Rxh7 Nf6 32. Rh6 Rxc4 33. N1e2 axb3 34. a3 Rxe4 35. Rxf6 Rxe2 36. Nxe2 Kxf6 37. Qc1 Bxf5+ 38. Kb2 Bg6 39. Qg5+ Kg7 40. h5 Ra8 41. Ra1 Rh8 42. hxg6 Rh2 43. gxf7+ Kxf7 44. Rf1+ Ke8 45. Qg8+ Kd7 46. Rf7# 1-0


[Site "https://www.chess.com"]

[Event "Titled Tuesday Blitz August 24 2021"]
[White "Murzin, Volodar"]
[Black "Svane, Rasmus"]
[WhiteFideId "44155573"]
[BlackFideId "4657101"]
[WhiteElo "2541"]
[BlackElo "2669"]
[Result "0-1"]
[Round "10"]
[TimeControl "180+1"]
[Date "2021.08.24"]
[WhiteClock "0:00:01"]
[BlackClock "0:00:23"]

1. e4 c6 2. Nf3 d5 3. d3 Qc7 4. exd5 cxd5 5. c4 Nf6 6. Nc3 e6 7. g3 Bb4 8. Bg2 O-O 9. O-O dxc4 10. Bg5 Bxc3 11. bxc3 Nd5 12. Rc1 h6 13. Bd2 Rd8 14. dxc4 Qxc4 15. Ne5 Qc7 16. Qe2 Nd7 17. Nf3 Nc5 18. c4 Nf6 19. Bf4 Qa5 20. Ne5 Bd7 21. Qf3 Nce4 22. Qe3 Nd6 23. Rfd1 Nf5 24. Qb3 Bc6 25. Bxc6 bxc6 26. Nxc6 Rxd1+ 27. Rxd1 Qc5 28. Ne5 Rc8 0-1


[Site "https://www.chess.com"]

[Event "Titled Tuesday Blitz August 24 2021"]
[White "Navalgund, Niranjan"]
[Black "Machidon, Cristi"]
[WhiteFideId "5030854"]
[BlackFideId "13904590"]
[WhiteElo "2290"]
[BlackElo "2312"]
[Result "1-0"]
[Round "10"]
[TimeControl "180+1"]
[Date "2021.08.24"]
[WhiteClock "0:02:13"]
[BlackClock "0:00:46"]

1. e4 c6 2. Nc3 d5 3. Nf3 Bg4 4. h3 Bxf3 5. Qxf3 e6 6. d3 g6 7. h4 Bg7 8. h5 Nd7 9. h6 Bf8 10. Bd2 Bd6 11. O-O-O Ne7 12. d4 a5 13. Re1 a4 14. exd5 cxd5 15. Nb5 Bb8 16. Bb4 Ra6 17. Na3 Ra8 18. Bb5 O-O 19. Bxd7 Qxd7 20. Qf6 Nf5 21. Bxf8 Bf4+ 22. Kb1 Rxf8 23. g4 Bxh6 24. gxf5 Bg7 25. Qh4 1-0


[Site "https://www.chess.com"]

[Event "Titled Tuesday Blitz August 24 2021"]
[White "Nozdrachev, Leonid"]
[Black "Goryachkina, Aleksandra"]
[WhiteFideId "24113433"]
[BlackFideId "4147103"]
[WhiteElo "2240"]
[BlackElo "2441"]
[Result "1/2-1/2"]
[Round "10"]
[TimeControl "180+1"]
[Date "2021.08.24"]
[WhiteClock "0:00:47"]
[BlackClock "0:00:24"]

1. e4 c5 2. c3 Nf6 3. e5 Nd5 4. d4 cxd4 5. Nf3 d6 6. cxd4 Nc6 7. Bc4 e6 8. O-O Be7 9. Qe1 O-O 10. Nc3 Nxc3 11. bxc3 dxe5 12. Nxe5 Nxe5 13. Qxe5 Bd7 14. Bd3 Rc8 15. Bd2 Bc6 16. Rab1 Qd5 17. Qxd5 Bxd5 18. c4 Bxc4 19. Bxc4 Rxc4 20. Rxb7 Bf6 21. Rxa7 Bxd4 22. Ra6 Rc2 23. Be3 Bxe3 24. fxe3 Re2 25. Rf3 Rc8 26. h4 Rec2 27. Ra7 R2c7 28. Rxc7 Rxc7 29. Rf4 Rc1+ 30. Kh2 Kf8 31. Ra4 Ke7 32. Kg3 Kf6 33. Ra5 g6 34. Kf3 h5 35. g3 Rc2 36. Ra7 Rc4 37. Ra5 Rc2 38. Ra7 Rc4 39. Ra5 Rc2 1/2-1/2


[Site "https://www.chess.com"]

[Event "Titled Tuesday Blitz August 24 2021"]
[White "Ovetchkin, Roman"]
[Black "Pastar, Slaven"]
[WhiteFideId "4119991"]
[BlackFideId "14402718"]
[WhiteElo "2432"]
[BlackElo "2150"]
[Result "1-0"]
[Round "10"]
[TimeControl "180+1"]
[Date "2021.08.24"]
[WhiteClock "0:01:02"]
[BlackClock "0:01:29"]

1. d4 b6 2. e4 Bb7 3. Bd3 Nf6 4. Nd2 e6 5. Qe2 c5 6. d5 exd5 7. exd5+ Qe7 8. c4 Na6 9. Ngf3 Nb4 10. Bb1 O-O-O 11. Qxe7 Bxe7 12. a3 Na6 13. O-O b5 14. b3 Nc7 15. Bb2 d6 16. Re1 Rde8 17. Bd3 Kb8 18. Ne4 Nxe4 19. Rxe4 f6 20. Rae1 h6 21. Rxe7 1-0


[Site "https://www.chess.com"]

[Event "Titled Tuesday Blitz August 24 2021"]
[White "Pakleza, Zbigniew"]
[Black "Sarana, Alexey"]
[WhiteFideId "1119290"]
[BlackFideId "24133795"]
[WhiteElo "2526"]
[BlackElo "2646"]
[Result "0-1"]
[Round "10"]
[TimeControl "180+1"]
[Date "2021.08.24"]
[WhiteClock "0:00:08"]
[BlackClock "0:01:43"]

1. Nf3 d5 2. c4 d4 3. e3 Nc6 4. b4 dxe3 5. fxe3 Nxb4 6. Qa4+ Nc6 7. d4 Bd7 8. Qb3 b6 9. Bd3 Nf6 10. O-O g6 11. Bb2 Bg7 12. Nbd2 O-O 13. e4 Nh5 14. e5 Na5 15. Qc2 Rc8 16. Rae1 b5 17. cxb5 c6 18. bxc6 Nxc6 19. Qd1 Nf4 20. Be4 Nb4 21. Qb3 Rb8 22. Qa3 Bb5 23. g3 Nfd3 24. Bxd3 Nxd3 25. Ba1 Nxe1 26. Rxe1 Bc6 27. Qxa7 Bh6 28. Qc5 Rc8 29. Qa3 Qd7 30. Ne4 Rfd8 31. Kg2 Ra8 32. Qb2 Qd5 33. a3 Rab8 34. Qf2 Rb3 35. Ned2 Bxd2 0-1


[Site "https://www.chess.com"]

[Event "Titled Tuesday Blitz August 24 2021"]
[White "Perez Rodriguez, Luis Manuel"]
[Black "Postny, Evgeny"]
[WhiteFideId "3503364"]
[BlackFideId "2804344"]
[WhiteElo "2429"]
[BlackElo "2521"]
[Result "0-1"]
[Round "10"]
[TimeControl "180+1"]
[Date "2021.08.24"]
[WhiteClock "0:00:22"]
[BlackClock "0:00:30"]

1. e4 c5 2. Nf3 d6 3. d4 cxd4 4. Nxd4 Nf6 5. Nc3 g6 6. Be3 Bg7 7. f3 O-O 8. Qd2 Nc6 9. Bc4 Bd7 10. h4 Rc8 11. Bb3 Ne5 12. h5 Nxh5 13. Nde2 Be6 14. Bh6 Bxb3 15. axb3 f5 16. exf5 Rxf5 17. Bxg7 Kxg7 18. O-O-O Qa5 19. Kb1 Rc6 20. Nd4 Rf7 21. Nxc6 bxc6 22. Ne4 Qxd2 23. Rxd2 h6 24. Re1 Nf4 25. c4 g5 26. Kc2 Nfg6 27. Ra1 g4 28. fxg4 Rf4 29. Re2 Rxg4 30. Rxa7 Nf4 31. Re3 Rxg2+ 32. Kb1 Nfd3 33. Nxd6 Rxb2+ 34. Ka1 Rxb3 35. Nf5+ Kf6 36. Nxe7 Nxc4 37. Nxc6 Nxe3 0-1


[Site "https://www.chess.com"]

[Event "Titled Tuesday Blitz August 24 2021"]
[White "Petesch, Gabriel"]
[Black "Estrada Nieto, Julian"]
[WhiteFideId "2032465"]
[BlackFideId "5101018"]
[WhiteElo "2374"]
[BlackElo "2270"]
[Result "1-0"]
[Round "10"]
[TimeControl "180+1"]
[Date "2021.08.24"]
[WhiteClock "0:00:24"]
[BlackClock "0:00:01"]

1. Nf3 d5 2. c4 d4 3. b3 Nc6 4. Bb2 e5 5. e3 Nf6 6. exd4 exd4 7. d3 Bb4+ 8. Nbd2 O-O 9. Be2 Bf5 10. O-O Re8 11. a3 Bc3 12. Ra2 a5 13. Nb1 Bxb2 14. Rxb2 Qd6 15. Re1 h6 16. Bf1 Rxe1 17. Qxe1 Re8 18. Re2 Rxe2 19. Qxe2 Bg4 20. h3 Bxf3 21. Qxf3 Nd7 22. Qf5 g6 23. Qe4 Nc5 24. Qh4 Kg7 25. Nd2 Ne5 26. Qg3 Nexd3 27. Qf3 Ne5 28. Qd1 d3 29. b4 axb4 30. axb4 Ne6 31. Qa1 Qd4 32. Qxd4 Nxd4 33. f4 Nec6 34. Bxd3 Nxb4 35. Bf1 f5 36. Kf2 Kf6 37. Ke3 Ne6 38. g3 c6 39. Nf3 Na6 40. Ne5 Nac5 41. Be2 g5 42. h4 gxf4+ 43. gxf4 Ke7 44. Bd1 Nd7 45. Nf3 Kf6 46. Bc2 b5 47. cxb5 cxb5 48. h5 Ndc5 49. Nh4 Ng7 50. Bd1 Nce6 51. Ng2 b4 52. Kd3 Nxh5 53. Bxh5 b3 54. Kc3 Nc5 55. Bf3 Ke7 56. Ne3 Kf6 57. Bg2 Kg6 58. Bh3 h5 59. Nxf5 Kf6 60. Nd4 Ne4+ 61. Kxb3 Nf2 62. Bf1 h4 63. Kc2 h3 64. Nf3 Ng4 65. Bxh3 Nf2 66. Bc8 1-0


[Site "https://www.chess.com"]

[Event "Titled Tuesday Blitz August 24 2021"]
[White "Petrovskyi, Vadym"]
[Black "Tokhirjonova, Gulrukhbegim"]
[WhiteFideId "14165210"]
[BlackFideId "14203626"]
[WhiteElo "2334"]
[BlackElo "2236"]
[Result "0-1"]
[Round "10"]
[TimeControl "180+1"]
[Date "2021.08.24"]
[WhiteClock "0:00:02"]
[BlackClock "0:00:47"]

1. e4 e5 2. Nf3 Nc6 3. d4 exd4 4. Bc4 Bc5 5. O-O d6 6. c3 dxc3 7. Qb3 Qe7 8. Bg5 Nf6 9. Nxc3 O-O 10. Nd5 Qd8 11. e5 dxe5 12. Rad1 Bd6 13. Rfe1 Na5 14. Qc2 Nxc4 15. Qxc4 Be6 16. Qh4 Bxd5 17. Rxd5 h6 18. Bxf6 Qxf6 19. Qe4 Rfe8 20. Rb5 b6 21. Nxe5 c6 22. Qxc6 Bxe5 23. Qd5 Bxb2 24. Rd1 Rad8 25. Qb3 Bd4 26. Qc2 Bxf2+ 27. Kh1 Rxd1+ 28. Qxd1 Re1+ 0-1


[Site "https://www.chess.com"]

[Event "Titled Tuesday Blitz August 24 2021"]
[White "Pichot, Alan"]
[Black "Laurusas, Tomas"]
[WhiteFideId "110973"]
[BlackFideId "12803731"]
[WhiteElo "2622"]
[BlackElo "2542"]
[Result "1-0"]
[Round "10"]
[TimeControl "180+1"]
[Date "2021.08.24"]
[WhiteClock "0:00:20"]
[BlackClock "0:00:09"]

1. e4 e5 2. Nf3 Nf6 3. Nxe5 d6 4. Nf3 Nxe4 5. Bd3 Nf6 6. O-O Be7 7. Re1 O-O 8. Bf1 b6 9. d4 Bb7 10. c4 d5 11. Nc3 Re8 12. Bg5 Nbd7 13. Rc1 h6 14. Bh4 a6 15. cxd5 b5 16. Qb3 Nb6 17. Ne5 Nfxd5 18. Bg3 Bd6 19. Ne4 Nd7 20. Nxd6 cxd6 21. Nc6 Qg5 22. Na5 Rxe1 23. Rxe1 Qd2 24. Nxb7 Qxe1 25. Qxd5 Nf6 26. Qc6 d5 27. Nd6 Rd8 28. Qc7 Rd7 29. Qc8+ Kh7 30. h3 Re7 31. Be5 Ne4 32. Qc2 Kg8 33. Nxe4 dxe4 34. Bf4 Qb4 35. d5 Qe1 36. d6 1-0


[Site "https://www.chess.com"]

[Event "Titled Tuesday Blitz August 24 2021"]
[White "Polivanov, Anatoliy"]
[Black "Kamsky, Gata"]
[WhiteFideId "14109468"]
[BlackFideId "2000024"]
[WhiteElo "2472"]
[BlackElo "2644"]
[Result "1-0"]
[Round "10"]
[TimeControl "180+1"]
[Date "2021.08.24"]
[WhiteClock "0:00:54"]
[BlackClock "0:00:01"]

1. d4 Nf6 2. Bg5 d5 3. e3 c5 4. Bxf6 gxf6 5. dxc5 e6 6. Bb5+ Nc6 7. b4 Bd7 8. c3 a5 9. Qb3 b6 10. Bxc6 Bxc6 11. b5 a4 12. Qb2 Bd7 13. c6 Bc8 14. Nf3 e5 15. O-O Be6 16. Nbd2 Qc7 17. Rad1 Rg8 18. g3 a3 19. Qb1 h5 20. Nh4 Ra4 21. e4 Bh3 22. Qb3 Qa7 23. Qxd5 Be6 24. Qd3 Bxa2 25. c4 Bb4 26. Nf5 Rg5 27. Nf3 Qc7 28. Nxg5 fxg5 29. Qe3 1-0


[Site "https://www.chess.com"]

[Event "Titled Tuesday Blitz August 24 2021"]
[White "Praggnanandhaa R"]
[Black "Jobava, Baadur"]
[WhiteFideId "25059530"]
[BlackFideId "13601520"]
[WhiteElo "2555"]
[BlackElo "2748"]
[Result "1-0"]
[Round "10"]
[TimeControl "180+1"]
[Date "2021.08.24"]
[WhiteClock "0:00:08"]
[BlackClock "0:00:02"]

1. Nf3 d5 2. e3 c6 3. c4 Nf6 4. d4 Bf5 5. Nc3 e6 6. Nh4 g6 7. Qb3 Qe7 8. h3 h5 9. Be2 Qb4 10. c5 Qxb3 11. axb3 Be7 12. b4 Be4 13. Nf3 Bxf3 14. gxf3 Kd7 15. b5 a6 16. Bd2 Rc8 17. f4 Ne4 18. Nxe4 dxe4 19. b4 cxb5 20. Bxb5+ Nc6 21. Ba4 Kc7 22. Ke2 b5 23. Bc2 f5 24. Bb3 Kd7 25. Rhg1 g5 26. fxg5 Bf8 27. Bc3 Ne7 28. Ra5 Nc6 29. Ra2 Ne7 30. Rga1 Rc6 31. Bd2 h4 32. Ra5 Nd5 33. Rxb5 Be7 34. Rba5 Rb8 35. Ba4 Nc7 36. Bxc6+ Kxc6 37. g6 Kd5 38. Rg1 Rg8 39. Kd1 Bf6 40. Kc2 Kc4 41. Ra4 Kb5 42. Kb3 e5 43. Ra5+ Kc6 44. dxe5 Bxe5 45. Bc3 1-0


[Site "https://www.chess.com"]

[Event "Titled Tuesday Blitz August 24 2021"]
[White "Quiroga Garza, Juan Manuel"]
[Black "Quintiliano Pinto, Renato R."]
[WhiteFideId "5117844"]
[BlackFideId "2117568"]
[WhiteElo "2003"]
[BlackElo "2439"]
[Result "0-1"]
[Round "10"]
[TimeControl "180+1"]
[Date "2021.08.24"]
[WhiteClock "0:02:14"]
[BlackClock "0:01:47"]

1. e4 c5 2. Nf3 d6 3. d4 cxd4 4. Nxd4 Nf6 5. Nc3 a6 6. g3 e5 7. Nde2 Be7 8. Bg2 b5 9. a3 Nbd7 10. O-O O-O 11. h3 Nb6 12. g4 Bb7 13. Ng3 g6 14. Bh6 Re8 15. f4 exf4 16. Rxf4 Nfd7 17. Qd4 Ne5 18. Raf1 Bg5 19. Bxg5 Qxg5 20. Qxd6 Nbc4 21. Qc7 Re7 22. Qc5 Nf3+ 0-1


[Site "https://www.chess.com"]

[Event "Titled Tuesday Blitz August 24 2021"]
[White "Rahman, Ziaur"]
[Black "Yeletsky, Ivan"]
[WhiteFideId "10200037"]
[BlackFideId "24180327"]
[WhiteElo "2460"]
[BlackElo "2344"]
[Result "1-0"]
[Round "10"]
[TimeControl "180+1"]
[Date "2021.08.24"]
[WhiteClock "0:00:34"]
[BlackClock "0:01:27"]

1. Nf3 c5 2. g3 Nc6 3. Bg2 g6 4. O-O Bg7 5. c4 d6 6. Nc3 e5 7. b3 Nge7 8. Bb2 O-O 9. d3 a6 10. a3 Rb8 11. Rb1 b5 12. Nd2 h6 13. e3 Be6 14. Nd5 Qd7 15. Qc2 Bh3 16. Ne4 Nxd5 17. Bxh3 Qxh3 18. cxd5 Ne7 19. Nxd6 Qd7 20. Qxc5 f5 21. a4 Rfd8 22. Ba3 b4 23. Bxb4 Rxb4 24. Qxb4 Qxd6 25. Qxd6 Rxd6 26. e4 a5 27. b4 axb4 28. Rxb4 Rd7 29. Rfb1 Nxd5 30. exd5 Rxd5 31. Rb8+ Kh7 32. R1b7 h5 33. Rc8 Kh6 34. Rcc7 Bf6 35. h4 g5 36. Rc6 Kg6 37. Rbb6 gxh4 38. Rxf6+ Kg5 39. Rg6# 1-0


[Site "https://www.chess.com"]

[Event "Titled Tuesday Blitz August 24 2021"]
[White "Reprintsev, Alexander"]
[Black "Viani Antonio Dcunha"]
[WhiteFideId "14100541"]
[BlackFideId "5027330"]
[WhiteElo "2126"]
[BlackElo "2366"]
[Result "0-1"]
[Round "10"]
[TimeControl "180+1"]
[Date "2021.08.24"]
[WhiteClock "0:00:07"]
[BlackClock "0:00:08"]

1. e4 e5 2. f4 exf4 3. Bc4 d5 4. Bxd5 Nf6 5. Nc3 Nxd5 6. Nxd5 Qh4+ 7. Kf1 Bd6 8. Nf3 Qh5 9. d4 O-O 10. Nxf4 Bxf4 11. Bxf4 Nc6 12. Qd3 Bg4 13. Re1 Bxf3 14. gxf3 Nxd4 15. Kg2 Rad8 16. Bg3 Ne6 17. Qe3 c5 18. c3 Rd7 19. Rd1 Rfd8 20. Rxd7 Rxd7 21. Re1 Qg6 22. Re2 h5 23. h4 Qf6 24. Kh2 Qd8 25. f4 Rd3 26. Qf2 Nf8 27. f5 Rd1 28. Qg2 Qd3 29. Be5 g6 30. Bf4 Kh7 31. Be3 Nd7 32. fxg6+ fxg6 33. Bg5 Ne5 34. Re3 Ng4+ 35. Qxg4 hxg4 36. Rxd3 Rxd3 37. Be7 c4 38. b3 b5 39. bxc4 bxc4 40. Bb4 Kh6 41. e5 Re3 42. Bd6 Kh5 43. Kg2 Kxh4 44. a4 g3 45. a5 a6 46. Bc7 Kg4 47. Bd6 Re2+ 48. Kf1 Kf3 49. e6 g2+ 50. Kg1 Re1+ 0-1


[Site "https://www.chess.com"]

[Event "Titled Tuesday Blitz August 24 2021"]
[White "Ronka, Erik"]
[Black "Yaran, Siar"]
[WhiteFideId "505080"]
[BlackFideId "6323006"]
[WhiteElo "2264"]
[BlackElo "1977"]
[Result "1-0"]
[Round "10"]
[TimeControl "180+1"]
[Date "2021.08.24"]
[WhiteClock "0:00:42"]
[BlackClock "0:00:16"]

1. d4 Nf6 2. c4 e6 3. Nc3 d5 4. Nf3 Be7 5. Bg5 h6 6. Bh4 O-O 7. e3 Ne4 8. Bxe7 Qxe7 9. Rc1 c6 10. Bd3 Nxc3 11. Rxc3 dxc4 12. Bxc4 Nd7 13. O-O e5 14. Re1 exd4 15. exd4 Qd6 16. Bb3 Nf6 17. Ne5 Nd5 18. Rg3 Be6 19. Qd2 Kh8 20. Re4 f5 21. Ng6+ Kg8 22. Nxf8 fxe4 23. Qxh6 Kxf8 24. Rxg7 Ke8 25. Qh5+ 1-0


[Site "https://www.chess.com"]

[Event "Titled Tuesday Blitz August 24 2021"]
[White "Rottenwohrer Suarez, Juan"]
[Black "Grachev, Boris"]
[WhiteFideId "32068182"]
[BlackFideId "4129199"]
[WhiteElo "2158"]
[BlackElo "2580"]
[Result "0-1"]
[Round "10"]
[TimeControl "180+1"]
[Date "2021.08.24"]
[WhiteClock "0:00:02"]
[BlackClock "0:00:06"]

1. d4 Nf6 2. c4 b6 3. Nf3 Bb7 4. Nc3 g6 5. d5 Bg7 6. e4 O-O 7. Bd3 c6 8. O-O Na6 9. h3 Nc5 10. e5 Ne8 11. Bg5 d6 12. exd6 Nxd6 13. Re1 Re8 14. Qd2 cxd5 15. Nxd5 Bxd5 16. cxd5 Bxb2 17. Bxg6 hxg6 18. Qxb2 Nd3 19. Qd4 Nxe1 20. Rxe1 f6 21. Nh4 Qd7 22. Re6 Nf7 23. Qe4 Nxg5 24. Qxg6+ Kh8 25. Nf5 Rg8 26. Qh6+ Nh7 27. Nxe7 Rg7 28. Ng6+ Kg8 29. Nf4 Kh8 30. Ng6+ Kg8 31. Nf4 Qf7 32. Nh5 Rg6 33. Qe3 Rxg2+ 34. Kxg2 Qxh5 35. Re4 Qxd5 36. Kg1 Kh8 37. Rg4 Rg8 0-1


[Site "https://www.chess.com"]

[Event "Titled Tuesday Blitz August 24 2021"]
[White "Samsonkin, Artiom"]
[Black "Tsyhanchuk, Stanislav"]
[WhiteFideId "13503111"]
[BlackFideId "13505130"]
[WhiteElo "2513"]
[BlackElo "2121"]
[Result "0-1"]
[Round "10"]
[TimeControl "180+1"]
[Date "2021.08.24"]
[WhiteClock "0:00:01"]
[BlackClock "0:00:01"]

1. e4 c5 2. Nf3 Nc6 3. Bb5 d6 4. d4 cxd4 5. Qxd4 Bd7 6. Bxc6 Bxc6 7. Nc3 Nf6 8. Bg5 e6 9. O-O-O Be7 10. Rhe1 O-O 11. Kb1 h6 12. Bh4 d5 13. Ne5 Nxe4 14. Bxe7 Nxc3+ 15. Qxc3 Qxe7 16. f4 Rac8 17. Qd4 a5 18. f5 Qb4 19. Qf2 exf5 20. Qxf5 a4 21. a3 Qd6 22. Re3 d4 23. Rg3 Bd5 24. Qf4 Rfe8 25. Re1 Rc7 26. Qg4 f6 27. Nd3 Be6 28. Qf3 Rec8 29. Rc1 Bd5 30. Qg4 Be6 31. Qh4 Qd5 32. Nb4 Qe5 33. Qxh6 Qxg3 34. Qh5 Qg5 35. Qf3 Qg6 36. Re1 Qf7 37. Qg3 Bc4 38. h4 d3 39. cxd3 Bb3 40. h5 Re7 41. Rf1 Qxh5 42. Qf2 Qe5 43. d4 Qe4+ 44. Ka1 Qe2 45. Qf4 Qe1+ 46. Qc1 Qxc1+ 0-1


[Site "https://www.chess.com"]

[Event "Titled Tuesday Blitz August 24 2021"]
[White "Sanchez Alvares, Kelvin Antonio"]
[Black "Biletskiy, Danylo"]
[WhiteFideId "3906680"]
[BlackFideId "14155419"]
[WhiteElo "2247"]
[BlackElo "2099"]
[Result "1-0"]
[Round "10"]
[TimeControl "180+1"]
[Date "2021.08.24"]
[WhiteClock "0:01:58"]
[BlackClock "0:01:48"]

1. d4 Nf6 2. c4 e6 3. Nf3 d5 4. Nc3 dxc4 5. e4 Bb4 6. Bg5 c5 7. Bxc4 cxd4 8. Nxd4 Bxc3+ 9. bxc3 Qa5 10. Bb5+ Nbd7 11. Bxf6 Qxc3+ 12. Ke2 Qb2+ 13. Qd2 Qxd2+ 14. Kxd2 gxf6 15. Rhc1 a6 16. Bxd7+ Kxd7 17. Ke3 b5 18. a4 bxa4 19. Rxa4 Ra7 20. Nb3 Rc7 21. Rd4+ 1-0


[Site "https://www.chess.com"]

[Event "Titled Tuesday Blitz August 24 2021"]
[White "Sjugirov, Sanan"]
[Black "Zhigalko, Sergei"]
[WhiteFideId "4189302"]
[BlackFideId "13502956"]
[WhiteElo "2472"]
[BlackElo "2662"]
[Result "1/2-1/2"]
[Round "10"]
[TimeControl "180+1"]
[Date "2021.08.24"]
[WhiteClock "0:00:05"]
[BlackClock "0:00:02"]

1. Nf3 d5 2. d4 e6 3. c4 c6 4. Nbd2 f5 5. g3 Bd6 6. Bg2 Nd7 7. b3 Ngf6 8. Bb2 Ne4 9. Qc2 O-O 10. O-O Qe7 11. Rad1 b6 12. Ne1 Bb7 13. Nd3 Rac8 14. Nf3 c5 15. dxc5 Ndxc5 16. Nde5 Rfd8 17. Qb1 a5 18. cxd5 Bxd5 19. Nd3 Nxd3 20. Qxd3 Bc5 21. Qb1 Nxf2 22. Rxf2 Be4 23. Qa1 Rxd1+ 24. Qxd1 Be3 25. Qf1 Bxf3 26. Bxf3 Rc2 27. Qa1 Qc5 28. Kg2 Rxb2 29. Qxb2 Bxf2 30. b4 axb4 31. Qb3 Kf7 32. Qa4 Bd4 33. Qd7+ Kf6 34. Qd8+ Kf7 35. Qd7+ Kf6 36. Qd8+ Ke5 37. Qd7 Kf6 1/2-1/2


[Site "https://www.chess.com"]

[Event "Titled Tuesday Blitz August 24 2021"]
[White "Skliarov, Viktor"]
[Black "Tikhonov, Viacheslav"]
[WhiteFideId "14106736"]
[BlackFideId "44196407"]
[WhiteElo "2281"]
[BlackElo "1773"]
[Result "1/2-1/2"]
[Round "10"]
[TimeControl "180+1"]
[Date "2021.08.24"]
[WhiteClock "0:00:14"]
[BlackClock "0:01:41"]

1. e4 e6 2. d4 d5 3. e5 c5 4. c3 Qb6 5. Nf3 Nc6 6. a3 Nh6 7. b4 cxd4 8. Bxh6 gxh6 9. cxd4 Bd7 10. Be2 Rg8 11. O-O Rg4 12. h3 Rf4 13. g3 Rxf3 14. Bxf3 Qxd4 15. Qxd4 Nxd4 16. Bh5 Ba4 17. Nc3 Bb3 18. Ne2 Nc6 19. b5 Nxe5 20. Nd4 Bc4 21. Nxe6 Kd7 22. Nxf8+ Rxf8 23. Rfd1 Kd6 24. a4 Rc8 25. Rac1 Re8 26. Rc3 Kc5 27. Re3 Re6 28. Bxf7 Nxf7 29. Rxe6 Bb3 30. Rc1+ Kb4 31. Re7 Nd6 32. Rxb7 Nxb7 33. Rc7 Nc5 34. Rxa7 d4 35. b6 d3 36. b7 Nd7 37. b8=Q+ Nxb8 38. Rb7+ Kxa4 39. Rxb8 d2 40. Rd8 d1=Q+ 41. Rxd1 Bxd1 42. g4 Kb5 43. Kh2 Kc6 44. Kg3 Kd5 45. Kh4 Ke6 46. Kh5 Kf7 47. Kxh6 Kg8 48. f4 Bc2 49. g5 Bf5 50. h4 Kf7 51. h5 Be4 52. g6+ hxg6 53. hxg6+ Bxg6 54. Kg5 Kg7 55. f5 Bxf5 1/2-1/2


[Site "https://www.chess.com"]

[Event "Titled Tuesday Blitz August 24 2021"]
[White "Sonis, Francesco"]
[Black "Borsuk, Konstantin"]
[WhiteFideId "895733"]
[BlackFideId "14113406"]
[WhiteElo "2714"]
[BlackElo "2620"]
[Result "1-0"]
[Round "10"]
[TimeControl "180+1"]
[Date "2021.08.24"]
[WhiteClock "0:00:48"]
[BlackClock "0:00:37"]

1. Nf3 g6 2. g3 Bg7 3. Bg2 c5 4. O-O Nc6 5. c4 Nh6 6. d4 cxd4 7. Bxh6 Bxh6 8. Nxd4 Bg7 9. e3 O-O 10. Nc3 a6 11. Rc1 Qa5 12. b3 e6 13. Ne4 Nxd4 14. exd4 Qxa2 15. Nd6 Rb8 16. Qd3 Qa5 17. c5 Qc7 18. Nc4 Rd8 19. b4 Rf8 20. Rfd1 Qd8 21. d5 Qf6 22. d6 Qd8 23. Nb6 f5 24. f4 g5 25. Qe3 Bh6 26. Kh1 Rf7 27. Rg1 Rg7 28. Qf2 Rg6 29. Rc4 Bg7 30. Bf3 Bf6 31. g4 h6 32. gxf5 exf5 33. Bh5 Rg7 34. fxg5 1-0


[Site "https://www.chess.com"]

[Event "Titled Tuesday Blitz August 24 2021"]
[White "Srihari L R"]
[Black "Sadykov, Ramil"]
[WhiteFideId "46617116"]
[BlackFideId "24113590"]
[WhiteElo "2121"]
[BlackElo "2300"]
[Result "1-0"]
[Round "10"]
[TimeControl "180+1"]
[Date "2021.08.24"]
[WhiteClock "0:02:06"]
[BlackClock "0:00:26"]

1. Nf3 Nf6 2. g3 g6 3. Bg2 Bg7 4. O-O O-O 5. d4 d5 6. c4 c6 7. cxd5 cxd5 8. Nc3 Ne4 9. Ne5 Nxc3 10. bxc3 Nc6 11. Bf4 Nxe5 12. Bxe5 Bxe5 13. dxe5 Be6 14. Rb1 Qc7 15. Bxd5 Rfd8 16. e4 Qxe5 17. Rxb7 Bh3 18. Qf3 Be6 19. Rxe7 Rac8 20. Bxe6 1-0


[Site "https://www.chess.com"]

[Event "Titled Tuesday Blitz August 24 2021"]
[White "Starozhilov, Leonid"]
[Black "Maevsky, Nikolay"]
[WhiteFideId "14106752"]
[BlackFideId "4198220"]
[WhiteElo "2414"]
[BlackElo "2213"]
[Result "1-0"]
[Round "10"]
[TimeControl "180+1"]
[Date "2021.08.24"]
[WhiteClock "0:00:13"]
[BlackClock "0:00:14"]

1. c4 Nc6 2. Nc3 e5 3. g3 g6 4. Bg2 Bg7 5. e4 d6 6. Nge2 f5 7. d3 Nf6 8. Nd5 O-O 9. O-O Be6 10. f4 Rb8 11. fxe5 dxe5 12. Bg5 Qd7 13. exf5 gxf5 14. Bxf6 Bxf6 15. Kh1 Bg7 16. Qd2 Nd8 17. Rad1 c6 18. Ndc3 Nf7 19. b3 Rbd8 20. Qe3 b6 21. b4 Bh6 22. Qf2 Bg7 23. b5 cxb5 24. Nxb5 Qe7 25. Nbc3 Qa3 26. Nd5 Kh8 27. Nec3 Nd6 28. Qc2 e4 29. Qb3 Qxb3 30. axb3 Nc8 31. dxe4 fxe4 32. Rxf8+ Rxf8 33. Nxe4 Bf5 34. Nf4 Ne7 35. Ng5 Ng6 36. Nfe6 Re8 37. Nf7+ Kg8 38. Nxg7 Kxf7 39. Nxe8 Kxe8 40. Re1+ Kd7 41. Be4 Ne7 42. Bxf5+ Nxf5 43. Kg2 Kd6 44. g4 Nd4 45. Rd1 Kc5 46. Rd3 a5 47. g5 Ne6 48. Rg3 Nf4+ 49. Kf1 Ng6 50. Kf2 Kd4 51. Rg4+ Ke5 52. Rg3 Kf5 53. h3 Ke4 54. Re3+ Kf4 55. Rd3 Kxg5 56. Rd5+ Kh4 57. Rb5 Nf4 58. Rxb6 Nxh3+ 59. Kf1 Ng5 60. Rb5 Kg4 61. Rxa5 h5 62. Rxg5+ Kxg5 63. Kg2 Kf5 64. Kh3 Ke5 65. Kh4 Kd4 66. Kxh5 Kc5 67. Kg6 Kb4 68. Kf5 Kxb3 69. c5 Kc4 70. c6 Kb5 71. c7 Kb6 72. c8=Q Ka7 73. Qc1 Kb6 74. Ke6 Kb5 75. Kd5 Kb6 76. Qc5+ Kb7 77. Qc6+ Kb8 78. Qd7 Ka8 79. Kc6 Kb8 80. Qb7# 1-0


[Site "https://www.chess.com"]

[Event "Titled Tuesday Blitz August 24 2021"]
[White "Stoyanov, Tsvetan"]
[Black "Drozdowski, Kacper"]
[WhiteFideId "2917173"]
[BlackFideId "1136720"]
[WhiteElo "2191"]
[BlackElo "2507"]
[Result "1-0"]
[Round "10"]
[TimeControl "180+1"]
[Date "2021.08.24"]
[WhiteClock "0:00:05"]
[BlackClock "0:00:35"]

1. e4 c5 2. Nf3 e6 3. d4 cxd4 4. Nxd4 a6 5. Nc3 Qc7 6. Bd3 Nc6 7. Nxc6 dxc6 8. O-O e5 9. f4 Nf6 10. Kh1 Bc5 11. f5 b5 12. Qe1 h5 13. a4 Bb7 14. Qh4 Ng4 15. h3 Nf6 16. Bg5 Be7 17. Nd1 Rd8 18. Ne3 Rd4 19. Rfd1 Qd8 20. Qg3 h4 21. Qxe5 O-O 22. axb5 axb5 23. Ra7 Rd7 24. Bxh4 Bd6 25. Qc3 Nxe4 26. Bxe4 Qxh4 27. Rxb7 Rxb7 28. Bxc6 Qf4 29. Rxd6 Rc7 30. Rd3 Re8 31. Bxe8 Rxc3 32. bxc3 Qe5 33. Bc6 Kh7 34. Kg1 Qc5 35. Be4 Qe5 36. Bf3 Qc5 37. Kf2 Kh6 38. Ke2 Kg5 39. g3 Qe5 40. h4+ Kh6 41. Kf2 Kh7 42. Rd5 Qxc3 43. Rxb5 Qd2+ 44. Be2 Kh6 45. Rd5 Qc3 46. Rd3 Qc5 47. c4 g6 48. Rd5 Qc7 49. fxg6 fxg6 50. c5 Kg7 51. Bb5 Kf6 52. c6 Qb6 53. Rd6+ Ke5 54. Rd5+ Ke4 55. Bd3# 1-0


[Site "https://www.chess.com"]